 Dungeon Crawl Stone Soup version 0.27.0-1-g7a089689b8 (webtiles) character file.

Game seed: 17972780887601820839

618 dtburroughs the Chopper (level 7, -3/62 HPs)
             Began as a Minotaur Berserker on Aug 5, 2021.
             Was a Believer of Trog.
             Slain by a water moccasin (7 damage)
             ... on level 5 of the Dungeon.
             The game lasted 00:06:20 (5378 turns).

dtburroughs the Chopper (Minotaur Berserker)        Turns: 5378, Time: 00:06:21

Health: -3/62      AC: 11    Str: 21    XL:     7   Next: 21%
Magic:  6/6        EV:  4    Int:  6    God:    Trog [**....]
Gold:   137        SH: 18    Dex: 10    Spells: 6/6 levels left

rFire    . . .     SeeInvis .   a - +0 hand axe
rCold    . . .     Faith    .   p - +0 tower shield
rNeg     . . .     Spirit   .   f - +0 chain mail
rPois    .         Reflect  +   (helmet restricted)
rElec    .         Harm     .   (no cloak)
rCorr    .         Rampage  .   m - +0 pair of gloves
Will     ++...                  (no boots)
Stlth    ..........             q - amulet of reflection
HPRegen  1.20/turn              (no ring)
MPRegen  0.10/turn              (no ring)

@: lethally poisoned (-3 -> -4), strong-willed, regenerating
A: horns 2, retaliatory headbutt
a: Renounce Religion, Berserk, Trog's Hand


You were on level 5 of the Dungeon.
You worshipped Trog.
Trog was pleased with you.
You visited 1 branch of the dungeon, and saw 5 of its levels.
You also visited: Sewer.

You collected 137 gold pieces.

Inventory:

Hand Weapons
 a - a +0 hand axe (weapon)
 n - a +0 flail of protection
Armour
 f - a +0 chain mail (worn)
 m - a +0 pair of gloves (worn)
 p - a +0 tower shield (worn)
Jewellery
 q - an amulet of reflection (around neck)
Wands
 s - a wand of charming (10)
Scrolls
 b - a scroll of identify {unknown}
 c - 3 scrolls of enchant armour {unknown}
 h - 3 scrolls of teleportation {unknown}
 j - 3 scrolls of magic mapping {unknown}
 l - 4 scrolls of enchant weapon {unknown}
 o - 2 scrolls of vulnerability {unknown}
 r - a scroll of immolation {unknown}
 u - a scroll of noise {unknown}
Potions
 d - 5 potions of curing {unknown}
 e - 2 potions of flight {unknown}
 g - 2 potions of invisibility {unknown}
 i - a potion of degeneration {unknown}
 k - a potion of lignification {unknown}
 t - a potion of berserk rage {unknown}
 v - 2 potions of resistance {unknown}


   Skills:
 + Level 5.7 Fighting
 + Level 5.8 Axes
 + Level 5.0 Armour
 + Level 4.6 Dodging
 + Level 2.1 Shields


You had 6 spell levels left.
You didn't know any spells.
Your spell library was empty.

Dungeon Overview and Level Annotations

Branches:
Dungeon (5/15)              Sewer (visited)
 Temple: D:4-7

Altars:
Trog


Innate Abilities, Weirdness & Mutations

You have a pair of horns on your head.
You reflexively headbutt those who attack you in melee.


Message History

You feel sick. You block the water moccasin's attack.
The water moccasin bites you but does no damage.
You barely miss the water moccasin.
You headbutt the water moccasin, but do no damage.
The water moccasin is severely wounded.
You feel sick. You block the water moccasin's attack.
The water moccasin barely misses you.
You closely miss the water moccasin.
The water moccasin is severely wounded.
You feel sick. You block the water moccasin's attack.
The water moccasin bites you.
You are more poisoned.
The water moccasin poisons you!
You hit the water moccasin.
The water moccasin is almost dead.
You feel very sick. You block the water moccasin's attack.
The water moccasin bites you.
You are lethally poisoned!
The water moccasin poisons you!
You closely miss the water moccasin.
Your headbutt misses the water moccasin.
The water moccasin is almost dead.
* * * LOW HITPOINT WARNING * * *
You feel extremely sick.
You block the water moccasin's attack. x2
You closely miss the water moccasin. You headbutt the water moccasin.
The water moccasin is almost dead.
* * * LOW HITPOINT WARNING * * *
You feel very sick. You block the water moccasin's attack.
The water moccasin bites you but does no damage.
Your skin crawls.
You feel strong-willed.
You feel sick.
You block the water moccasin's attack. x2
You hit the water moccasin but do no damage.
Your headbutt misses the water moccasin.
The water moccasin is almost dead.
You feel very sick. The water moccasin bites you!
You die...

#.# #.# #### ###.# ...
.... ... #.###.# #
####..##.# #.###
#...#..#...#.#####≈≈≈≈##
......≈S@.....##..≈....##
#...#≈≈....#..##..≈≈≈≈...
# #≈≈.≈#.##.............
#≈#.≈#.##.###.........
#≈≈##≈≈≈##.# #.........
#≈ #.##.##.###.#####... #
#≈.#.#.............#
#≈≈#.#..####+###...#
#≈≈...#8..#...8#..#


You could see a water moccasin.

Vanquished Creatures
  A sky beast (D:3)
  An ogre (D:5)
  2 kobold brigands (Sewer)
  A water moccasin skeleton (D:4)
  A hound (D:5)
  A hound zombie (D:5)
  9 adders
  A howler monkey skeleton (D:4)
  2 river rats
  9 worms
  4 orcs (D:3)
  13 endoplasms
  A giant cockroach (D:3)
  6 hobgoblins
  2 quokkas
  8 ball pythons
  6 bats
  A frilled lizard (D:3)
  3 goblins
  9 kobolds
  10 rats
91 creatures vanquished.

Notes
Turn   | Place    | Note
-------+----------+-------------------------------------------
     0 | D:1      | dtburroughs the Minotaur Berserker began the quest for the
                  | Orb.
     0 | D:1      | Reached XP level 1. HP: 19/19 MP: 0/0
   532 | D:1      | Reached XP level 2. HP: 27/27 MP: 1/1
  1167 | D:2      | Reached XP level 3. HP: 33/33 MP: 2/2
  1980 | D:3      | Found a glowing drain.
  1989 | Sewer    | Entered a sewer
  2142 | Sewer    | Reached XP level 4. HP: 25/40 MP: 3/3
  2399 | Sewer    | Noticed a kobold brigand
  2422 | Sewer    | Killed a kobold brigand
  2423 | Sewer    | Reached XP level 5. HP: 33/47 MP: 4/4
  2567 | Sewer    | Reached ** piety under Trog
  2627 | Sewer    | Reached skill level 5 in Axes
  3214 | Sewer    | Reached skill level 5 in Fighting
  3448 | Sewer    | Reached XP level 6. HP: 56/56 MP: 5/5
  3625 | D:3      | Noticed a sky beast
  4167 | D:3      | Killed a sky beast
  4168 | D:3      | Reached skill level 1 in Shields
  5054 | D:4      | Found a bloodstained altar of Trog.
  5169 | D:5      | Entered Level 5 of the Dungeon
  5187 | D:5      | Reached skill level 5 in Armour
  5187 | D:5      | Reached XP level 7. HP: 53/61 MP: 6/6
  5378 | D:5      | Slain by a water moccasin

Illustrated notes

Levels and vault maps discovered:
D:1:      dpeg_arrival_windows_large_door, layout_rooms, minmay_heptomino_d4
D:2:      layout_loops_ring, kennysheep_another_room
D:3:      layout_basic, serial_curves, eino_curves_03, eino_curves_04,
          portal_sewer_entry_a, minmay_misc_feat_iff, dk_noncrumbling_4,
          kennysheep_small_spiral
D:4:      layout_basic, trog_book, nicolae_overflow_hidden_temple, minitemple,
          minmay_temple_entry_slanted, minmay_fractal_squares_diagonal_5
D:5:      layout_loops_ring, nzn_wu_jian_contemplation, serial_rivers,
          chequers_serial_rivers_micro_d, chequers_serial_rivers_large_b,
          chequers_serial_rivers_small_b, chequers_serial_rivers_micro_c,
          chequers_serial_rivers_micro_d, minivault_1, st_stairs_6, uniq_sigmund

Skill      XL: |  1  2  3  4  5  6  7 |
---------------+----------------------+-----
Fighting       | 4 5 |  5.7
Axes           | 4 5 |  5.8
Armour         | 3 4 5 |  5.0
Dodging        | 3 4 |  4.6
Shields        | 1 2 |  2.1

Action                   |  1- 3 |  4- 6 |  7- 9 || total
-------------------------+-------+-------+-------++-------
Melee: Hand axe          |    98 |   191 |    23 ||   312
       Headbutt          |    14 |    24 |     6 ||    44
Invok: Trog's Hand       |       |     1 |     1 ||     2
       Berserk           |       |     2 |       ||     2
Armor: Animal skin       |     6 |       |       ||     6
       Chain mail        |    43 |    97 |     8 ||   148
Dodge: Dodged            |    46 |    70 |     3 ||   119
Block: Tower shield      |       |    58 |    29 ||    87
